 Dungeon Crawl Stone Soup version 0.31-a0-355-g57cb03d3e8 (webtiles) character file.

Game seed: 8886926238904036923

1780 gruber the Chiller (level 9, -2/65 HPs)
             Began as a Gnoll Ice Elementalist on July 24, 2023.
             Was a Believer of Okawaru.
             Slain by a slime creature (16 damage)
             ... on level 6 of the Dungeon.
             The game lasted 00:06:02 (5759 turns).

gruber the Chiller (Gnoll Ice Elementalist)         Turns: 5759, Time: 00:06:03

Health: -2/65      AC: -1    Str: 14    XL:     9   Next: 8%
Magic:  12/18      EV: 17    Int: 18    God:    Okawaru [**....]
Gold:   361        SH:  0    Dex: 13    Spells: 16/20 levels left

rFire   . . .        t - +7 shortbow of the Middle {drain, rPois}
rCold   . . .        (shield currently unavailable)
rNeg    . . .        a - +0 robe
rPois   +            l - melded +2 hat
rElec   .            (cloak currently unavailable)
rCorr   .            (gloves currently unavailable)
SInv    .            (boots currently unavailable)
Will    .....        (no amulet)
Stlth   +++++        s - +6 ring of strength
HPRegen 0.30/turn    (no ring)
MPRegen 0.16/turn

%: no passive effects
@: beast-form, heroic, corroded
A: beast (slay +2), fangs 1, strong nose, distributed training
a: Begin Untransformation, Renounce Religion, Heroism


You were on level 6 of the Dungeon.
You worshipped Okawaru.
Okawaru was pleased with you.
You were a hulking beast.
You visited 1 branch of the dungeon, and saw 6 of its levels.

You collected 361 gold pieces.

Inventory:

Hand Weapons
 h - a +3 dagger of draining
 t - the +7 shortbow of the Middle (weapon) {drain, rPois}
   (You found it on level 3 of the Dungeon)

   rPois:     It protects you from poison.
Missiles
 g - 10 poisoned darts
Armour
 a - a +0 robe (worn)
 l - a +2 hat (melded)
Jewellery
 s - a +6 ring of strength (left hand)
 u - an amulet of faith
 w - a ring of ice
Talismans
 p - a beast talisman
Wands
 o - a wand of flame (51)
Scrolls
 c - 2 scrolls of amnesia {unknown}
 f - a scroll of teleportation {unknown}
 i - 8 scrolls of identify {unknown}
 n - 2 scrolls of vulnerability {unknown}
 r - a scroll of revelation {unknown}
Potions
 b - a potion of magic
 d - 2 potions of attraction {unknown}
 e - a potion of might {unknown}
 j - a potion of enlightenment {unknown}
 k - a potion of mutation {unknown}
 m - a potion of heal wounds {unknown}
 q - 2 potions of haste {unknown}
 v - a potion of brilliance {unknown}
 x - a potion of invisibility {unknown}


   Skills:
 + Level 3.9(8.9) Fighting
 + Level 3.9(8.9) Short Blades
 + Level 3.9(8.9) Long Blades
 + Level 3.9(8.9) Axes
 + Level 3.9(8.9) Maces & Flails
 + Level 3.9(8.9) Polearms
 + Level 3.9(8.9) Staves
 + Level 3.9(8.9) Ranged Weapons
 + Level 3.9(8.9) Throwing
 + Level 3.9(8.9) Armour
 + Level 6.1(11.1) Dodging
 + Level 5.8(10.8) Stealth
 + Level 3.9(8.9) Shields
 + Level 3.9(8.9) Unarmed Combat
 + Level 6.4 Spellcasting
 + Level 3.2 Conjurations
 + Level 3.2 Hexes
 + Level 3.2 Summonings
 + Level 3.2 Necromancy
 + Level 3.2 Translocations
 + Level 3.2 Transmutations
 + Level 3.2 Fire Magic
 + Level 7.9 Ice Magic
 + Level 3.2 Air Magic
 + Level 3.2 Earth Magic
 + Level 3.2 Poison Magic
 + Level 4.3 Invocations
 + Level 3.9 Evocations
 + Level 3.2 Shapeshifting


You had 16 spell levels left.
You knew the following spells:

 Your Spells              Type           Power      Damage    Failure   Level
a - Freeze                Ice            100%       1d10      1%          1
b - Frozen Ramparts       Ice            68%        1d11      1%          3

Your spell library contained the following spells:

 Spells                   Type           Power      Damage    Failure   Level
 Ozocubu's Armour         Ice            34%        N/A       1%          3
 Summon Ice Beast         Ice/Summ       Unusable   N/A       N/A         4

Dungeon Overview and Level Annotations

Branches:
Dungeon (6/15)
 Temple: D:4-7

Altars:
Cheibriados
Gozag
Okawaru
Qazlal
Vehumet
Wu Jian
Yredelemnul

Shops:
D:5 =

Annotations:
D:5 1 runed translucent door


Innate Abilities, Weirdness & Mutations

You are a hulking beast.
Your limbs bulge with bestial killing power. (Slay +2)
You have very sharp teeth.
Your uncanny sense of smell can sniff out nearby items.
Your experience applies equally to all skills.


Message History

Unknown command.
Unknown command.
Unknown command.
Unknown command.
Aiming: Freeze (safe; 1% risk of failure)
Press: ? - help, Q - select action, (/) - cycle Shift-Dir - straight line, f/p - slime creature
Aim: a slime creature (moderately wounded, lightly drained)
You freeze the slime creature!
The slime creature is heavily wounded.
The endoplasm jiggles.
The slime creature completely misses you.
Unknown command.
Aiming: Freeze (safe; 1% risk of failure)
Press: ? - help, Q - select action, (/) - cycle Shift-Dir - straight line, f/p - slime creature
Aim: a slime creature (heavily wounded, lightly drained)
You freeze the slime creature.
The slime creature is heavily wounded.
The slime creature closely misses you.
Unknown command.
Aiming: Freeze (safe; 1% risk of failure)
Press: ? - help, Q - select action, (/) - cycle Shift-Dir - straight line, f/p - slime creature
Aim: a slime creature (heavily wounded, lightly drained)
You freeze the slime creature!
The slime creature is severely wounded.
The slime creature barely misses you.
Unknown command.
Aiming: Freeze (safe; 1% risk of failure)
Press: ? - help, Q - select action, (/) - cycle Shift-Dir - straight line, f/p - slime creature
Aim: a slime creature (severely wounded, lightly drained)
You freeze the slime creature!
The slime creature is severely wounded.
The slime creature completely misses you.
Unknown command.
Aiming: Freeze (safe; 1% risk of failure)
Press: ? - help, Q - select action, (/) - cycle Shift-Dir - straight line, f/p - slime creature
Aim: a slime creature (severely wounded, lightly drained)
You freeze the slime creature!
The slime creature is almost dead.
The slime creature hits you!
You die...

### ####### ##########.....J#
#####).....##'.P...P#
#.##.......#)#..÷÷.J#
#####.'........#J#÷PPP.P#
..)..))........#J#J.J...#
#####.'......#'#J#.P.PPP# #
#.##.....#.#J#J.J...# #
#####....#.#h#.P.÷PP# ####
############.##÷J...$# #...
#...#### ### #...
###.###..###### ######## #...
#.............###..#.#.######...
#.#.###..#.........#.#..[.......
#.#.#....^........<#.######.....
#.#.#.#.##.##.######.#### #._...
#.#.#.#.....#.# #....###...##


You could see 2 slime creatures and 2 endoplasms.

Vanquished Creatures
  Grinder (D:5)
  2 ice beasts
  An ogre (D:5)
  A kobold brigand (D:6)
  3 scorpions
  3 wights (D:6)
  5 orc priests
  3 hounds
  A jelly (D:6)
  2 sleepcaps (D:6)
  Ijyb (D:3)
  Natasha (thrice) (D:2)
  3 iguanas (D:5)
  3 orc wizards
  Robin (D:2)
  7 gnolls
  11 adders
  A shadow imp (D:6)
  An ufetubus (D:4)
  A worm (D:2)
  A dart slug (D:4)
  23 orcs
  8 endoplasms
  A giant cockroach (D:2)
  20 goblins
  6 hobgoblins
  17 jackals
  2 quokkas (D:3)
  6 ball pythons
  8 bats
  A frilled lizard (D:2)
  A goblin skeleton (D:5)
  12 kobolds
  5 rats
165 creatures vanquished.

Vanquished Creatures (others)
  An orc (D:3)
  A goblin (D:3)
2 creatures vanquished.

Grand Total: 167 creatures vanquished

Notes
Turn   | Place    | Note
-------+----------+-------------------------------------------
     0 | D:1      | gruber the Gnoll Ice Elementalist began the quest for the
                  | Orb.
     0 | D:1      | Reached XP level 1. HP: 13/13 MP: 6/6
    78 | D:1      | Reached XP level 2. HP: 14/19 MP: 1/7
   243 | D:1      | Found a faded altar of an unknown god.
   412 | D:1      | Reached skill level 5 in Spellcasting
   412 | D:1      | Reached XP level 3. HP: 25/25 MP: 5/9
   416 | D:1      | Learned a level 3 spell: Frozen Ramparts
   957 | D:1      | Reached skill level 1 in Invocations
  1191 | D:2      | Reached skill level 1 in Fighting
  1191 | D:2      | Reached skill level 1 in Short Blades
  1191 | D:2      | Reached skill level 1 in Long Blades
  1191 | D:2      | Reached skill level 1 in Axes
  1191 | D:2      | Reached skill level 1 in Maces & Flails
  1191 | D:2      | Reached skill level 1 in Polearms
  1191 | D:2      | Reached skill level 1 in Staves
  1191 | D:2      | Reached skill level 1 in Ranged Weapons
  1191 | D:2      | Reached skill level 1 in Throwing
  1191 | D:2      | Reached skill level 1 in Armour
  1191 | D:2      | Reached skill level 1 in Shields
  1191 | D:2      | Reached skill level 1 in Unarmed Combat
  1191 | D:2      | Reached skill level 1 in Evocations
  1239 | D:2      | Reached XP level 4. HP: 32/32 MP: 11/11
  1431 | D:2      | Noticed Robin
  1453 | D:2      | Killed Robin
  1454 | D:2      | Reached skill level 1 in Conjurations
  1454 | D:2      | Reached skill level 1 in Hexes
  1454 | D:2      | Reached skill level 1 in Summonings
  1454 | D:2      | Reached skill level 1 in Necromancy
  1454 | D:2      | Reached skill level 1 in Translocations
  1454 | D:2      | Reached skill level 1 in Transmutations
  1454 | D:2      | Reached skill level 1 in Fire Magic
  1454 | D:2      | Reached skill level 1 in Air Magic
  1454 | D:2      | Reached skill level 1 in Earth Magic
  1454 | D:2      | Reached skill level 1 in Poison Magic
  1454 | D:2      | Reached skill level 1 in Shapeshifting
  1572 | D:2      | Reached XP level 5. HP: 37/37 MP: 7/12
  1757 | D:2      | Noticed Natasha
  1768 | D:2      | Killed Natasha
  1954 | D:2      | Noticed Natasha
  1960 | D:2      | Killed Natasha
  2098 | D:2      | Noticed Natasha
  2112 | D:2      | Killed Natasha
  2564 | D:3      | Reached XP level 6. HP: 43/44 MP: 8/13
  2623 | D:3      | Found a radiant altar of Vehumet.
  2704 | D:3      | Found an ornate altar of the Wu Jian Council.
  2814 | D:3      | Reached skill level 5 in Dodging
  3088 | D:3      | Identified the +7 shortbow of the Middle {drain, rPois}
  3176 | D:3      | Noticed Ijyb
  3181 | D:3      | Killed Ijyb
  3318 | D:4      | Noticed an ice beast
  3324 | D:4      | Killed an ice beast
  3325 | D:4      | Reached XP level 7. HP: 43/50 MP: 15/15
  3631 | D:4      | Found a stormy altar of Qazlal.
  3741 | D:4      | Found an iron altar of Okawaru.
  4012 | D:4      | Became a worshipper of Warmaster Okawaru
  4025 | D:5      | Entered Level 5 of the Dungeon
  4025 | D:5      | Noticed Grinder
  4031 | D:5      | Killed Grinder
  4032 | D:5      | Reached skill level 5 in Stealth
  4120 | D:5      | Found a runed translucent door.
  4121 | D:5      | Noticed a human
  4130 | D:5      | Found a basalt altar of Yredelemnul.
  4190 | D:5      | Reached * piety under Okawaru
  4196 | D:5      | Reached XP level 8. HP: 57/57 MP: 16/16
  4243 | D:5      | Found Fiar's Jewellery Boutique.
  4513 | D:5      | Found an opulent altar of Gozag.
  5115 | D:6      | Reached ** piety under Okawaru
  5330 | D:6      | Found a snail-covered altar of Cheibriados.
  5403 | D:6      | Reached XP level 9. HP: 58/65 MP: 18/18
  5759 | D:6      | Slain by a slime creature

Illustrated notes

Levels and vault maps discovered:
D:1:      dpeg_arrival_concentric_ovals, layout_basic,
          ebering_ecumenical_altar_rust, minmay_3d_cube
D:2:      layout_basic, uniq_natasha, uniq_robin
D:3:      corexii_shack_village, layout_loops_corners,
          overflow_temple_1_default, fiery_altar_vehumet,
          dreamdust_wishing_well, uniq_ijyb
D:4:      layout_loops_cross, nicolae_qazlal_general_emergency,
          kennysheep_mini_moat, grunt_ministairs_12
D:5:      layout_loops_ring, dk_yredelemnul_ordeal, lemuel_doored_altar,
          serial_shops, nicolae_diamond_shop, kennysheep_generic_room_9,
          uniq_grinder
D:6:      cheibrodos_fertilizer, layout_loops_ring, cheibriados_altar_1,
          tgw_sif, minmay_temple_entry_hall

Skill      XL: |  1  2  3  4  5  6  7  8 |
---------------+-------------------------+-----
Spellcasting   | 5 6 |  6.4
Invocations    | 1 2 3 4 |  4.3
Fighting       | 1 2 3 |  3.9
Short Blades   | 1 2 3 |  3.9
Long Blades    | 1 2 3 |  3.9
Axes           | 1 2 3 |  3.9
Maces & Flails | 1 2 3 |  3.9
Polearms       | 1 2 3 |  3.9
Staves         | 1 2 3 |  3.9
Ranged Weapons | 1 2 3 |  3.9
Throwing       | 1 2 3 |  3.9
Armour         | 1 2 3 |  3.9
Shields        | 1 2 3 |  3.9
Unarmed Combat | 1 2 3 |  3.9
Evocations     | 1 2 3 |  3.9
Conjurations   | 1 2 3 |  3.2
Hexes          | 1 2 3 |  3.2
Summonings     | 1 2 3 |  3.2
Necromancy     | 1 2 3 |  3.2
Translocations | 1 2 3 |  3.2
Transmutations | 1 2 3 |  3.2
Fire Magic     | 1 2 3 |  3.2
Air Magic      | 1 2 3 |  3.2
Earth Magic    | 1 2 3 |  3.2
Poison Magic   | 1 2 3 |  3.2
Shapeshifting  | 1 2 3 |  3.2
Dodging        | 5 6 |  6.1
Stealth        | 5 |  5.8
Ice Magic      | |  7.9

Action                     |  1- 3 |  4- 6 |  7- 9 || total
---------------------------+-------+-------+-------++-------
  Melee: Unarmed           |    11 |       |       ||    11
         Dagger            |     3 |    61 |       ||    64
         Bite              |       |     3 |       ||     3
         Punch             |       |     1 |       ||     1
   Fire: Shortbow          |       |    12 |   158 ||   170
   Cast: Freeze            |    42 |    16 |     8 ||    66
         Frozen Ramparts   |       |     9 |     4 ||    13
 Invoke: Heroism           |       |       |     1 ||     1
   Stab: Sleeping          |     3 |    15 |       ||    18
 Armour: Robe              |    12 |    11 |     4 ||    27
  Dodge: Dodged            |    27 |    42 |    31 ||   100
   Form: Beast             |       |     1 |       ||     1

Table legend: (Time is in decaauts)
 A = Elapsed time spent in this place.
 B = Non-inter-level travel time spent in this place.
 C = Inter-level travel time spent in this place.
 D = Time resting spent in this place.
 E = Time spent auto-exploring this place.
 F = Levels seen in this place.
 G = Mean time per level.
                   A        B        C        D        E       F      G
               +--------+--------+--------+--------+--------+-----+--------+
         Total |   5808 |   5612 |    196 |     52 |   4743 |   6 |  968.0 |
       Dungeon |   5808 |   5612 |    196 |     52 |   4743 |   6 |  968.0 |
               +--------+--------+--------+--------+--------+-----+--------+

Top non-repeatable levels by time:
     D:2: 1158 daAuts
     D:1: 1109 daAuts
     D:3: 1039 daAuts
     D:5: 896 daAuts
     D:6: 866 daAuts
     D:4: 737 daAuts
